 Dungeon Crawl Stone Soup version 0.28.0-43-g3370ac3207 (webtiles) character file.

Game seed: 9392317003261009206

5863 Ablot the Magician (level 10, -5/118 HPs)
             Began as a Gnoll Warper on Mar 29, 2022.
             Was an Elder of Okawaru.
             Slain by an orc warrior
             ... wielding a +0 dire flail
              (8 damage)
             ... on level 8 of the Dungeon.
             The game lasted 00:24:29 (13600 turns).

Ablot the Magician (Gnoll Warper)                  Turns: 13600, Time: 00:24:29

Health: -5/118     AC: 33    Str: 14 (16) XL:     10   Next: 81%
Magic:  23/23      EV:  2    Int:  9 (12) God:    Okawaru [****..]
Gold:   201        SH:  0    Dex:  8 (11) Spells: 22/24 levels left

rFire   . . .      SeeInvis .   a - +1 trident (vamp)
rCold   . . .      Faith    .   (no shield)
rNeg    . . .      Spirit   .   (armour currently unavailable)
rPois   +          Reflect  .   (helmet currently unavailable)
rElec   .          Harm     .   (cloak currently unavailable)
rCorr   .          Rampage  .   (gloves currently unavailable)
Will    .....      NoTele   +   (boots currently unavailable)
Stlth   +++.......              E - amulet of magic regeneration
HPRegen 0.29/turn               m - +4 ring of protection
MPRegen 0.58/turn               u - +4 ring of protection

@: tree-form (expiring), studying Long Blades, unable to read
A: stationary, stasis, torment immunity, boosted hp, (fangs 1), strong nose,
distributed training, (fire resistance 1), high MP 1, inability to read while
threatened
a: Renounce Religion, Heroism, Finesse


You were on level 8 of the Dungeon.
You worshipped Okawaru.
Okawaru was greatly pleased with you.
You were a tree.
You visited 2 branches of the dungeon, and saw 9 of its levels.

You collected 444 gold pieces.
You spent 243 gold pieces at shops.

Inventory:

Hand Weapons
 a - a +1 vampiric trident (weapon)
 k - a +2 hunting sling of freezing
 K - a +2 mace of venom
Missiles
 d - 4 boomerangs of dispersal
 f - 39 poisoned darts (quivered)
 i - 264 stones
 j - 108 arrows
 o - 3 atropa-tipped darts
 p - 6 throwing nets
 q - 101 sling bullets
 v - 18 bolts
 L - 6 boomerangs
Armour
 b - +0 steam dragon scales (melded)
 N - a +0 hat (melded)
Jewellery
 m - a +4 ring of protection (left branch)
 u - a +4 ring of protection (right branch)
 E - an amulet of magic regeneration (around neck)
 J - a ring of resist corrosion
Wands
 A - a wand of flame (4)
 F - a wand of polymorph (5)
 M - a wand of mindburst (13)
Scrolls
 c - a scroll of blinking
 e - 2 scrolls of enchant armour {unknown}
 h - 6 scrolls of teleportation {unknown}
 l - a scroll of noise {unknown}
 n - a scroll of amnesia {unknown}
 t - a scroll of summoning {unknown}
 y - a scroll of holy word {unknown}
 z - 6 scrolls of identify {unknown}
 B - a scroll of immolation {unknown}
 C - a scroll of silence {unknown}
 G - a scroll of enchant weapon {unknown}
 I - 2 scrolls of vulnerability {unknown}
 O - a scroll of fear {unknown}
Potions
 g - a potion of flight
 r - 2 potions of haste
 s - a potion of magic
 x - 2 potions of mutation
 H - a potion of degeneration
 P - a potion of curing


   Skills:
 + Level 7.3 Fighting
 + Level 5.6 Short Blades
 + Level 6.5 Long Blades
 + Level 5.6 Axes
 + Level 5.6 Maces & Flails
 + Level 7.3 Polearms
 + Level 5.6 Staves
 + Level 5.6 Slings
 + Level 5.6 Bows
 + Level 5.6 Crossbows
 + Level 6.2 Throwing
 + Level 6.2 Armour
 + Level 7.3 Dodging
 + Level 5.6 Stealth
 + Level 5.6 Shields
 + Level 5.6 Unarmed Combat
 + Level 7.6 Spellcasting
 + Level 4.6 Conjurations
 + Level 4.6 Hexes
 + Level 4.6 Summonings
 + Level 4.6 Necromancy
 + Level 7.2 Translocations
 + Level 4.6 Transmutations
 + Level 4.6 Fire Magic
 + Level 4.6 Ice Magic
 + Level 4.6 Air Magic
 + Level 4.6 Earth Magic
 + Level 4.6 Poison Magic
 + Level 6.2 Invocations
 + Level 5.6 Evocations


You had 22 spell levels left.
You knew the following spells:

 Your Spells              Type           Power      Damage    Failure   Level
a - Blink                 Tloc           32%        N/A       1%          2

Your spell library contained the following spells:

 Spells                   Type           Power      Damage    Failure   Level
 Apportation              Tloc           32%        N/A       1%          1
 Gell's Gravitas          Tloc           16%        N/A       2%          3
 Lesser Beckoning         Tloc           16%        N/A       2%          3
 Teleport Other           Tloc           16%        N/A       2%          3
 Scorch                   Fire           22%        2d6       4%          2
 Portal Projectile        Hex/Tloc       28%        N/A       4%          3
 Dazzling Flash           Conj/Hex       22%        N/A       9%          3
 Manifold Assault         Tloc           16%        N/A       26%         5
 Flame Wave               Conj/Fire      11%        2d5       28%         4
 Agony                    Necr           11%        N/A       61%         5
 Alistair's Intoxication  Tmut/Pois      7%         N/A       61%         5
 Blade Hands              Tmut           5%         N/A       61%         5
 Excruciating Wounds      Necr           5%         N/A       61%         5
 Silence                  Hex/Air        5%         N/A       61%         5
 Orb of Destruction       Conj           5%         9d5       100%        7
 Summon Guardian Golem    Hex/Summ       Unusable   N/A       N/A         3
 Summon Cactus Giant      Summ           Unusable   N/A       N/A         6
 Spellforged Servitor     Conj/Summ      Unusable   N/A       N/A         7

Dungeon Overview and Level Annotations

Branches:
Dungeon (8/15)             Temple (1/1) D:4
   Lair: D:8-11

Altars:
Ashenzari
Cheibriados
Dithmenos
Elyvilon
Fedhas
Gozag
Hepliaklqana
Kikubaaqudgha
Makhleb
Nemelex Xobeh
Okawaru
Qazlal
Ru
Sif Muna
Trog
Uskayaw
Vehumet
Wu Jian
Xom
Yredelemnul
Zin
The Shining One

Shops:
D:4 ([   D:7 *


Innate Abilities, Weirdness & Mutations

You are a tree.
Your roots penetrate the ground, keeping you stationary.
You cannot be teleported.
You are immune to unholy pain and torment.
Your maximum health is greatly increased.
Your equipment is partially melded.
((You have very sharp teeth.))
Your uncanny sense of smell can sniff out nearby items.
Your experience applies equally to all skills.
((Your flesh is heat resistant. (rF+)))
You have an increased reservoir of magic. (+10% MP)
You sometimes lose the ability to read scrolls when taking damage.


Message History

The orc warrior is severely wounded.
The orc warrior hits you with a +0 dire flail.
* * * LOW HITPOINT WARNING * * *
You closely miss the orc warrior.
The orc warrior is severely wounded.
The orc warrior hits you but does no damage.
You hit the orc warrior.
You feel better.
The orc warrior is almost dead.
An orc wizard appears from thin air!
Reactivating autopickup.
The orc warrior hits you but does no damage.
The orc wizard gestures wildly while chanting.
The orc wizard flickers and vanishes!
Deactivating autopickup; reactivate with Ctrl-A.
You hit the orc warrior but do no damage.
The orc warrior is almost dead.
The orc warrior hits you with a +0 dire flail!
You feel threatened and lose the ability to read scrolls!
* * * LOW HITPOINT WARNING * * *
Unknown command.
You hit the orc warrior but do no damage.
The orc warrior is almost dead.
The orc warrior hits you but does no damage.
You hit the orc warrior but do no damage.
The orc warrior is almost dead.
You barely miss the orc warrior.
You punch the orc warrior, but do no damage.
The orc warrior is almost dead.
Your transformation is almost over.
You can read scrolls again.
The orc warrior hits you but does no damage.
You hit the orc warrior.
The orc warrior is almost dead.
The orc warrior hits you with a +0 dire flail.
* * * LOW HITPOINT WARNING * * *
You barely miss the orc warrior.
The orc warrior is almost dead.
The orc warrior hits you with a +0 dire flail!
You feel threatened and lose the ability to read scrolls!
You die...

### # ..# ..
####.#
#..##.#..#
.......o#######
#.#...{o♣....#
#.##.#..)#####.#
#........# #.#
#######.## #.#
#.# #.# #o#
#.##### ...
#.....# .....
#####.# .......
##..#


You could see an orc warrior and an orc.

Vanquished Creatures
  Harold (D:7)
  Grinder (D:6)
  Prince Ribbit (D:7)
  2 slime creatures (D:6)
  3 yaks (D:8)
  A steam dragon (D:7)
  Grum (D:8)
  Edmund (D:5)
  3 water moccasins
  Duvessa (D:6)
  2 orc warriors
  2 sky beasts
  3 ice beasts
  4 black bears
  4 wolves
  An ogre (D:5)
  A necrophage (D:6)
  3 centaurs
  Blork the orc (D:6)
  3 kobold brigands
  A bullfrog (D:7)
  3 scorpions (D:5)
  A water moccasin skeleton (D:6)
  Dowan (D:6)
  2 centaur zombies (D:8)
  2 bullfrog zombies (D:5)
  A hound (D:5)
  3 jellies (D:6)
  2 bullfrog skeletons
  A centaur skeleton (D:4)
  3 orc priests
  8 orc wizards
  A howler monkey zombie (D:7)
  4 gnolls
  5 adders
  3 howler monkey skeletons
  3 worms
  3 dart slugs
  28 orcs
  5 ball pythons
  6 bats
  11 endoplasms
  2 giant cockroaches
  9 goblins
  11 hobgoblins
  2 jackals (D:1)
  2 quokkas (D:1)
  3 frilled lizards
  15 kobolds
  4 rats
  A butterfly (D:4)
185 creatures vanquished.

Vanquished Creatures (others)
  An orc (D:7)
  A fungus (D:6)
  12 plants (D:5)
  11 toadstools (D:6)
25 creatures vanquished.

Grand Total: 210 creatures vanquished

Notes
Turn   | Place    | Note
-------+----------+-------------------------------------------
     0 | D:1      | Ablot the Gnoll Warper began the quest for the Orb.
     0 | D:1      | Reached XP level 1. HP: 20/20 MP: 6/6
   118 | D:1      | Reached XP level 2. HP: 26/26 MP: 7/7
   121 | D:1      | Learned a level 2 spell: Blink
   521 | D:1      | Reached XP level 3. HP: 31/31 MP: 9/9
   579 | D:1      | Reached skill level 5 in Spellcasting
   699 | D:1      | Found a faded altar of an unknown god.
  1172 | D:2      | Reached skill level 1 in Invocations
  1696 | D:2      | Reached skill level 1 in Short Blades
  1696 | D:2      | Reached skill level 1 in Long Blades
  1696 | D:2      | Reached skill level 1 in Axes
  1696 | D:2      | Reached skill level 1 in Maces & Flails
  1696 | D:2      | Reached skill level 1 in Staves
  1696 | D:2      | Reached skill level 1 in Slings
  1696 | D:2      | Reached skill level 1 in Bows
  1696 | D:2      | Reached skill level 1 in Crossbows
  1696 | D:2      | Reached skill level 1 in Stealth
  1696 | D:2      | Reached skill level 1 in Shields
  1696 | D:2      | Reached skill level 1 in Unarmed Combat
  1696 | D:2      | Reached skill level 1 in Evocations
  1742 | D:2      | Reached XP level 4. HP: 36/38 MP: 11/11
  2458 | D:3      | Reached skill level 1 in Conjurations
  2458 | D:3      | Reached skill level 1 in Hexes
  2458 | D:3      | Reached skill level 1 in Summonings
  2458 | D:3      | Reached skill level 1 in Necromancy
  2458 | D:3      | Reached skill level 1 in Transmutations
  2458 | D:3      | Reached skill level 1 in Fire Magic
  2458 | D:3      | Reached skill level 1 in Ice Magic
  2458 | D:3      | Reached skill level 1 in Air Magic
  2458 | D:3      | Reached skill level 1 in Earth Magic
  2458 | D:3      | Reached skill level 1 in Poison Magic
  3090 | D:3      | Reached XP level 5. HP: 37/43 MP: 12/12
  3658 | D:4      | Found Ceel Jaer's Antique Armour Shop.
  4504 | D:4      | Reached XP level 6. HP: 48/50 MP: 13/13
  4629 | D:4      | Found a staircase to the Ecumenical Temple.
  4636 | Temple   | Entered the Ecumenical Temple
  5170 | Temple   | Became a worshipper of Warmaster Okawaru
  5233 | D:4      | Found Qeazxuin's Weapon Boutique.
  5426 | D:5      | Entered Level 5 of the Dungeon
  5507 | D:5      | Reached skill level 5 in Fighting
  5507 | D:5      | Reached skill level 5 in Polearms
  5507 | D:5      | Reached skill level 5 in Dodging
  5808 | D:5      | Reached XP level 7. HP: 11/56 MP: 15/15
  6069 | D:5      | Reached * piety under Okawaru
  6077 | D:5      | Found a hide-covered altar of Uskayaw.
  6144 | D:5      | Noticed Edmund
  6177 | D:5      | Killed Edmund
  6280 | D:5      | Reached ** piety under Okawaru
  6281 | D:5      | Reached XP level 8. HP: 19/63 MP: 16/16
  7807 | D:6      | Noticed Grinder
  7937 | D:6      | Killed Grinder
  7975 | D:6      | Reached *** piety under Okawaru
  8224 | D:6      | Reached XP level 9. HP: 68/69 MP: 18/18
  8607 | D:6      | Noticed Duvessa
  8607 | D:6      | Noticed Dowan
  8636 | D:6      | Killed Duvessa
  8645 | D:6      | Killed Dowan
  8821 | D:6      | Reached skill level 5 in Throwing
  8821 | D:6      | Reached skill level 5 in Armour
  9770 | D:6      | Reached **** piety under Okawaru
  9778 | D:6      | Reached skill level 5 in Invocations
 10142 | D:6      | Noticed Blork the orc
 10156 | D:6      | Killed Blork the orc
 10494 | D:4      | Bought an encrusted ring mail for 243 gold pieces
 10494 | D:4      | Identified the +0 ring mail of Bad Feelings {Rampage rF-
                  | Dex+3} (You bought it in a shop on level 4 of the Dungeon)
 10614 | D:7      | Received a gift from Okawaru
 10621 | D:7      | Reached skill level 5 in Long Blades
 10646 | D:7      | Reached XP level 10. HP: 41/77 MP: 20/20
 10819 | D:7      | Noticed Prince Ribbit
 11187 | D:7      | Killed Prince Ribbit
 11188 | D:7      | Reached skill level 5 in Short Blades
 11188 | D:7      | Reached skill level 5 in Axes
 11188 | D:7      | Reached skill level 5 in Maces & Flails
 11188 | D:7      | Reached skill level 5 in Staves
 11188 | D:7      | Reached skill level 5 in Slings
 11188 | D:7      | Reached skill level 5 in Bows
 11188 | D:7      | Reached skill level 5 in Crossbows
 11188 | D:7      | Reached skill level 5 in Stealth
 11188 | D:7      | Reached skill level 5 in Shields
 11188 | D:7      | Reached skill level 5 in Unarmed Combat
 11188 | D:7      | Reached skill level 5 in Evocations
 11575 | D:7      | Found Relinug's Gadget Gallery.
 11808 | D:7      | Noticed Harold
 11849 | D:7      | Killed Harold
 11849 | D:7      | Received a gift from Okawaru
 12727 | D:8      | Noticed Grum
 12990 | D:8      | Killed Grum
 12990 | D:8      | Received a gift from Okawaru
 13541 | D:8      | Received a gift from Okawaru
 13580 | D:8      | Gained mutation: You sometimes lose the ability to read
                  | scrolls when taking damage. [potion of mutation]
 13580 | D:8      | Gained mutation: Your flesh is heat resistant. (rF+)
                  | [potion of mutation]
 13580 | D:8      | Gained mutation: You have an increased reservoir of magic.
                  | (+10% MP) [potion of mutation]
 13581 | D:8      | HP: 1/79 [orc warrior/+0 dire flail (7)]
 13599 | D:8      | HP: 2/118 [orc warrior/+0 dire flail (6)]
 13600 | D:8      | Slain by an orc warrior

Illustrated notes

Levels and vault maps discovered:
D:1:      dpeg_arrival_oval, layout_basic, serial_aquarium,
          aquarium_bridge_long_separate [aquarium_subvault_wall,
          aquarium_subvault_bridge, aquarium_subvault_wall,
          aquarium_subvault_bridge, aquarium_subvault_bridge,
          aquarium_subvault_bridge], aquarium_bridge_straight
          [aquarium_subvault_bridge, aquarium_subvault_wall,
          aquarium_subvault_bridge, aquarium_subvault_wall],
          aquarium_window_corridor_2, aquarium_window_fake, aquarium_window_2,
          aquarium_view_2c, aquarium_pool_S, hellmonk_ecumenical_altar_run_dry
D:2:      layout_basic
D:3:      layout_basic
D:4:      layout_cave_pools, minmay_temple_entry_butterflies, serial_shops,
          shop, kennysheep_little_box
D:5:      layout_loops_ring, nicolae_uskayaw_murder_on_the_dancefloor,
          hangedman_decor_growths, hex_medium, lexackson_kobold_supper,
          uniq_edmund
D:6:      cheibrodos_fertilizer, layout_loops_ring, minmay_manual_macuahuitl,
          uniq_duvessa, uniq_grinder, uniq_blork_the_orc
D:7:      layout_basic, grunt_ministairs_6, nicolae_shop_gadgets,
          uniq_prince_ribbit1, uniq_harold
D:8:      layout_loops_corners, minmay_puff, uniq_grum
Temple:   mainiacjoe_temple_starburst

Skill      XL: |  1  2  3  4  5  6  7  8  9 10 |
---------------+-------------------------------+-----
Spellcasting   | 5 6 7 |  7.6
Invocations    | 1 2 3 4 5 6 |  6.2
Short Blades   | 1 2 3 4 5 |  5.6
Long Blades    | 1 2 3 5 6 |  6.5
Axes           | 1 2 3 4 5 |  5.6
Maces & Flails | 1 2 3 4 5 |  5.6
Staves         | 1 2 3 4 5 |  5.6
Slings         | 1 2 3 4 5 |  5.6
Bows           | 1 2 3 4 5 |  5.6
Crossbows      | 1 2 3 4 5 |  5.6
Stealth        | 1 2 3 4 5 |  5.6
Shields        | 1 2 3 4 5 |  5.6
Unarmed Combat | 1 2 3 4 5 |  5.6
Evocations     | 1 2 3 4 5 |  5.6
Conjurations   | 1 2 3 4 |  4.6
Hexes          | 1 2 3 4 |  4.6
Summonings     | 1 2 3 4 |  4.6
Necromancy     | 1 2 3 4 |  4.6
Transmutations | 1 2 3 4 |  4.6
Fire Magic     | 1 2 3 4 |  4.6
Ice Magic      | 1 2 3 4 |  4.6
Air Magic      | 1 2 3 4 |  4.6
Earth Magic    | 1 2 3 4 |  4.6
Poison Magic   | 1 2 3 4 |  4.6
Throwing       | 3 4 5 6 |  6.2
Armour         | 3 4 5 6 |  6.2
Fighting       | 5 6 7 |  7.3
Polearms       | 5 6 7 |  7.3
Dodging        | 5 6 7 |  7.3
Translocations | 6 7 |  7.2

Action                   |  1- 3 |  4- 6 |  7- 9 | 10-12 || total
-------------------------+-------+-------+-------+-------++-------
Melee: Spear             |   179 |   244 |       |       ||   423
       Punch             |     4 |     5 |    21 |    14 ||    44
       Bite              |    19 |    30 |    44 |    42 ||   135
       Whip              |       |    77 |   345 |    76 ||   498
       Trident           |       |       |    43 |   236 ||   279
 Fire: Hunting sling     |       |       |     3 |       ||     3
Throw: Dart              |       |     6 |    27 |    30 ||    63
       Boomerang         |       |       |     9 |     3 ||    12
 Cast: Blink             |       |       |     2 |     5 ||     7
Invok: Heroism           |       |       |     1 |     1 ||     2
Evoke: Wand              |       |       |     3 |       ||     3
  Use: Potion            |       |       |     2 |     6 ||     8
 Stab: Sleeping          |     4 |       |     5 |     2 ||    11
Armor: Leather armour    |    40 |   112 |   148 |    35 ||   335
       Steam dragon scal |       |       |       |    70 ||    70
       Skin              |       |       |       |    10 ||    10
Dodge: Dodged            |   100 |   146 |   202 |   199 ||   647
